 Dungeon Crawl Stone Soup version 0.21-a0-228-g14ccbf3 (webtiles) character file.

307 Gorglomux the Magician (level 6, -2/43 HPs)
             Began as a Gnoll Transmuter on Aug 31, 2017.
             Slain by Grinder (4 damage)
             ... on level 3 of the Dungeon.
             The game lasted 00:06:06 (3973 turns).

Gorglomux the Magician (Gnoll Transmuter)           Turns: 3973, Time: 00:06:07

Health: -2/43      AC:  3    Str:  7    XL:     6   Next: 40%
Magic:  8/15       EV: 12    Int:  7    God:
Gold:   71         SH:  0    Dex:  7    Spells: 6/17 levels left

rFire    . . .     SeeInvis .     - Unarmed
rCold    . . .     Gourm    .   (shield currently unavailable)
rNeg     . . .     Faith    .   b - +0 robe
rPois    .         Spirit   .   (no helmet)
rElec    .         Reflect  .   (no cloak)
rCorr    .         Harm     .   (gloves currently unavailable)
MR       .....                  E - +0 pair of boots
Stlth    +.........             (no amulet)
HPRegen  0.14/turn              (no ring)
MPRegen  0.14/turn              (no ring)

@: brilliant, blade hands
A: unchanging attributes, fangs 1, strong nose
a: End Transformation


You were on level 3 of the Dungeon.
You were hungry.
You had blades for hands.
You visited 1 branch of the dungeon, and saw 3 of its levels.

You collected 71 gold pieces.

Inventory:

Missiles
 a - 7 arrows
Armour
 b - a +0 robe (worn)
 E - a +0 pair of boots (worn)
Wands
 I - a wand of iceblast (15/15)
Scrolls
 B - a scroll of immolation {unknown}
 C - a scroll of noise {unknown}
 K - a scroll of enchant armour {unknown}
 L - a scroll of amnesia {unknown}
 P - a scroll of blinking {unknown}
 T - 2 scrolls of teleportation
Potions
 h - a potion of resistance
 F - a potion of magic
 N - a potion of haste
 Q - a potion of degeneration {unknown}
Books
 c - a book of Changes

   Spells                             Type                      Level
   a - Beastly Appendage              Transmutation                1
   b - Sticks to Snakes               Transmutation                2
   c - Spider Form                    Transmutation/Poison         3
   d - Ice Form                       Ice/Transmutation            4
   e - Blade Hands                    Transmutation                5
Comestibles
 d - 2 bread rations
 f - 3 fruits
 z - a meat ration


   Skills:
 - Level 1.3 Fighting
 - Level 2.6 Dodging
 - Level 4.0 Unarmed Combat
 + Level 6.2 Spellcasting
 + Level 6.1 Transmutations
 - Level 2.2 Poison Magic


You had 6 spell levels left.
You knew the following spells:

 Your Spells              Type           Power        Failure   Level  Hunger
a - Beastly Appendage     Tmut           ###...       2%          1    #......
b - Sticks to Snakes      Tmut           ###.....     3%          2    ##.....
c - Spider Form           Tmut/Pois      ##........   7%          3    ###....
d - Blade Hands           Tmut           ###.......   17%         5    ######.


Dungeon Overview and Level Annotations

Branches:
Dungeon (3/15)

Altars:

Annotations:
D:3 Grinder


Innate Abilities, Weirdness & Mutations

Your physical attributes are unchanging.
You have very sharp teeth.
Your uncanny sense of smell can sniff out nearby items.


Message History

You barely resist! Grinder hits you!!!
You writhe in agony!
You shred Grinder!!!
Grinder is heavily wounded!
Grinder blinks!!!
You shred Grinder! Your bite misses Grinder!
Grinder is severely wounded!
Grinder gestures at you!
Pain shoots through your body!!! * * * don't die
* * * Unknown command!
You barely miss Grinder!
Grinder is severely wounded!
Grinder barely misses you!
Unknown command!
You butt-ly miss Grinder!
Grinder is heavily wounded!
Grinder closely misses you! Grinder butts you! * * * don't die
* * * You writhe in agony! rip

##.##.#....##.#
#.>.#####.#
#.###.#.......#
#...# #.#
#.###.........# ...#
#.. #
#.#.#####..#### ..
###
#####.#.###.#.#####
###
..##.###..........#
#..
#.###.#...#.####..#
#.# ..>....####.
###..###..# ..####.#
#)###### #
#.5@................
..#
#.#..###.##...####.#
### ......# #..
#......## ##..
####.### #... #.
#... #. #... #. ##..
######... ##.


You could see Grinder.

Vanquished Creatures
  An orc wizard (D:3)
  3 adders
  2 oozes
  A worm (D:2)
  3 dart slugs
  2 leopard geckos (D:1)
  4 giant cockroaches
  8 goblins
  18 hobgoblins
  12 jackals
  2 quokkas
  2 ball pythons
  7 bats
  5 frilled lizards
  10 kobolds
  6 rats
86 creatures vanquished.

Vanquished Creatures (collateral kills)
  Sigmund (D:3)
  An orc (D:3)
2 creatures vanquished.

Grand Total: 88 creatures vanquished

Notes
Turn   | Place    | Note
-------+----------+-------------------------------------------
     0 | D:1      | Gorglomux the Gnoll Transmuter began the quest for the Orb.
     0 | D:1      | Reached XP level 1. HP: 15/15 MP: 4/4
   233 | D:1      | Reached skill level 3 in Transmutations
   429 | D:1      | Reached XP level 2. HP: 20/21 MP: 4/6
   435 | D:1      | Learned a level 2 spell: Sticks to Snakes
  1029 | D:1      | Reached XP level 3. HP: 14/26 MP: 2/8
  1891 | D:1      | Learned a level 3 spell: Spider Form
  2108 | D:2      | Reached skill level 1 in Poison Magic
  2153 | D:2      | Reached XP level 4. HP: 30/32 MP: 5/10
  3319 | D:3      | Reached XP level 5. HP: 35/37 MP: 8/11
  3579 | D:3      | Noticed Sigmund
  3593 | D:3      | Killed Sigmund
  3593 | D:3      | Reached skill level 6 in Spellcasting
  3593 | D:3      | Reached skill level 6 in Transmutations
  3593 | D:3      | Reached XP level 6. HP: 18/43 MP: 5/15
  3872 | D:3      | Learned a level 5 spell: Blade Hands
  3960 | D:3      | Noticed Grinder
  3961 | D:3      | Paralysed by Grinder for 5 turns
  3973 | D:3      | HP: 2/43 [Grinder (5)]
  3973 | D:3      | Slain by Grinder

Vault maps used:
D:1:      dpeg_arrival_orchard
D:3:      uniq_grinder, uniq_robin, uniq_sigmund

Skill      XL: |  1  2  3  4  5 |
---------------+----------------+-----
Transmutations | 3 4 6 |  6.1
Spellcasting   | 4 6 |  6.2
Poison Magic   | 1 2 |  2.2
Fighting       | |  1.3
Dodging        | |  2.6
Unarmed Combat | |  4.0

Action                   |  1- 3 |  4- 6 || total
-------------------------+-------+-------++-------
Melee: Unarmed           |   198 |   159 ||   357
       Bite              |     6 |     1 ||     7
       Headbutt          |     5 |       ||     5
       Kick              |     2 |       ||     2
       Punch             |       |     1 ||     1
 Cast: Beastly Appendage |    19 |     1 ||    20
       Sticks to Snakes  |     4 |     1 ||     5
       Spider Form       |     4 |    25 ||    29
       Blade Hands       |       |     1 ||     1
  Use: Scroll            |       |     7 ||     7
       Potion            |       |     1 ||     1
  Eat: Chunk             |     5 |    10 ||    15
Armor: Robe              |    32 |    11 ||    43
       Skin              |     1 |     9 ||    10
Dodge: Dodged            |   135 |   103 ||   238

Table legend:
 A = Spawn XP
 B = Non-spawn XP
 C = Spawn XP percentage of total XP
 D = Spawn monster count
 E = Non-spawn monster count
 F = Spawn count percentage of total count
 G = Total turns spent on level
                    A         B        C        D         E        F      G
               +---------+---------+-------+---------+---------+-------+---------
         Total |      32 |     407 |   7.3 |      16 |      72 |  18.2 |  3973
               +---------+---------+-------+---------+---------+-------+---------
           D:1 |      22 |      41 |  34.9 |      12 |      24 |  33.3 |  2019
           D:2 |       4 |      61 |   6.2 |       2 |      18 |  10.0 |   799
           D:3 |       6 |     305 |   1.9 |       2 |      30 |   6.2 |  1155
               +---------+---------+-------+---------+---------+-------+---------
